 Dungeon Crawl Stone Soup version 0.23.0-38-g208d714 (webtiles) character file.

Game seed: 0

11159 landosteak the Basher (level 11, -3/97 HPs)
             Began as a Minotaur Fighter on Feb 27, 2019.
             Was a Priest of Trog.
             Slain by a blink frog (15 damage)
             ... on level 2 of the Lair of Beasts.
             The game lasted 00:51:07 (9510 turns).

landosteak the Basher (Minotaur Fighter)            Turns: 9510, Time: 00:51:07

Health: -3/97      AC:  9    Str: 29    XL:     11   Next: 45%
Magic:  11/11      EV: 12    Int:  9    God:    Trog [***...]
Gold:   421        SH: 13    Dex: 13    Spells: 10/10 levels left

rFire    . . .     SeeInvis .   j - +9 eveningstar of Fragile Peace {elec, Int+4 Dex+4}
rCold    . . .     Gourm    .   c - +0 shield
rNeg     . . .     Faith    .   b - +0 scale mail
rPois    .         Spirit   .   L - +1 hat
rElec    .         Reflect  .   (no cloak)
rCorr    .         Harm     .   (no gloves)
MR       +....                  (no boots)
Stlth    ..........             (no amulet)
HPRegen  0.26/turn              B - ring of protection from magic
MPRegen  0.12/turn              s - +4 ring of strength

@: lethally poisoned (-3 -> -6), slowed, very slow
A: retaliatory headbutt, horns 2
a: Berserk, Trog's Hand, Renounce Religion


You were on level 2 of the Lair of Beasts.
You worshipped Trog.
Trog was most pleased with you.
You were not hungry.

You visited 3 branches of the dungeon, and saw 12 of its levels.
You also visited: Ossuary.

You collected 469 gold pieces.
You spent 48 gold pieces at shops.

Inventory:

Hand Weapons
 a - a +0 long sword
 j - the +9 eveningstar of Fragile Peace (weapon) {elec, Int+4 Dex+4}
   (You acquired it on level 9 of the Dungeon)

   Occasionally, upon striking a foe, it will discharge some electrical energy
   and cause terrible harm.
   It affects your intelligence (+4).
   It affects your dexterity (+4).
 n - a +0 flail of protection
Armour
 b - a +0 scale mail (worn)
 c - a +0 shield (worn)
 k - +0 steam dragon scales
 L - a +1 hat (worn)
Jewellery
 s - a +4 ring of strength (right hand)
 B - a ring of protection from magic (left hand)
 K - an uncursed ring of ice {unknown}
Wands
 x - a wand of disintegration (2)
 y - a wand of clouds (3)
 E - a wand of random effects (11)
 I - a wand of flame (17)
Scrolls
 e - a scroll of holy word {unknown}
 g - 4 scrolls of enchant armour
 h - 2 scrolls of fog
 l - 4 scrolls of teleportation
 m - a scroll of immolation {unknown}
 o - a scroll of amnesia {unknown}
 p - 3 scrolls of remove curse
 q - 3 scrolls of enchant weapon
 w - a scroll of blinking
 z - a scroll of fear {unknown}
 D - a scroll of vulnerability {unknown}
 F - 2 scrolls of random uselessness {unknown}
 H - a scroll of magic mapping {unknown}
 J - 2 scrolls of acquirement
 Q - a scroll of torment {unknown}
Potions
 d - 2 potions of resistance
 i - 2 potions of agility
 r - 2 potions of invisibility
 t - 3 potions of lignification {unknown}
 u - 2 potions of mutation {unknown}
 v - 3 potions of cancellation
 A - a potion of brilliance {unknown}
 C - 3 potions of might
 P - a potion of flight {unknown}
Miscellaneous
 M - a fan of gales (inert)
 O - a crystal ball of energy
Comestibles
 f - 17 rations


   Skills:
 + Level 9.0 Fighting
 + Level 4.5 Long Blades
 + Level 12.2 Maces & Flails
 + Level 9.5 Armour
 + Level 5.5 Dodging
 + Level 1.6 Stealth
 + Level 11.0 Shields
 + Level 1.4 Evocations


You had 10 spell levels left.
You didn't know any spells.
Your spell library contained the following spells:

 Spells                   Type           Power        Failure   Level  Hunger
 Confusing Touch          Hex            #.....       77%         1    ##.....
 Confuse                  Hex            #.......     98%         3    ####...
 Gell's Gravitas          Tloc           #.........   98%         3    ####...
 Petrify                  Tmut/Erth      #.......     100%        4    #####..
 Metabolic Englaciation   Hex/Ice        #.........   100%        5    ######.
 Yara's Violent Unravell  Hex/Tmut       #.........   100%        5    ######.


Dungeon Overview and Level Annotations

Branches:
Dungeon (9/15)             Temple (1/1) D:6            Lair (2/6) D:9
  Swamp: Lair:2-4    Shoals: Lair:2-4     Snake: Lair:2-4    Spider: Lair:2-4
    Orc: D:9-12

Altars:
Ashenzari
Cheibriados
Dithmenos
Elyvilon
Fedhas
Gozag
Hepliaklqana
Kikubaaqudgha
Makhleb
Nemelex Xobeh
Okawaru
Qazlal
Ru
Sif Muna
Trog
Uskayaw
Vehumet
Wu Jian
Xom
Yredelemnul
Zin
The Shining One

Shops:
D:6 }   D:9 [*=

Annotations:
Lair:1 1 runed translucent door, Hypnoxylon's ghost, journeyman DDHu
Lair:2 Sonja; Urug


Innate Abilities, Weirdness & Mutations

You reflexively headbutt those who attack you in melee.
You have a pair of horns on your head.


Message History

Your surroundings suddenly seem different.
You feel sick.
A hippogriff comes into view.
The hippogriff screeches!
A blink frog comes into view.
The blink frog croaks.
A blink frog comes into view.
The blink frog croaks.
A komodo dragon comes into view.
The komodo dragon hisses angrily.
A blink frog comes into view. x3
The blink frog blinks!
You block the blink frog's attack.
The blink frog blinks!
You block the blink frog's attack.
Found a leather armour, a scroll of noise, a pair of boots and a robe.
Found two stone staircases leading down.
You feel sick. You block the hippogriff's attack. x2
The hippogriff claws you.
* * * LOW HITPOINT WARNING * * *
The blink frog hits you!
You die...

.....# .# P...#
... ....###...
##....#..[.
#......l...
###..........
##...H.F...F>.
#..[.@FF..F...
.?...#..........
..#
#.#...ยง.....
####........
........#
.........
.........
##.[......


You could see a komodo dragon, a hippogriff and 5 blink frogs.

Vanquished Creatures
  A two-headed ogre (D:8)
  A manticore (D:9)
  An elephant (D:9)
  A black mamba (Lair:2)
  3 spiny frogs
  4 komodo dragons (Lair:1)
  2 hippogriffs (D:9)
  4 blink frogs (Lair:1)
  6 yaks (Lair:2)
  A steam dragon (D:8)
  Menkaure (D:5)
  A basilisk (D:9)
  4 water moccasins
  2 orc warriors (D:8)
  A hornet zombie (D:5)
  9 porcupines (Lair:1)
  A phantom (D:7)
  4 ice beasts
  5 ogres
  2 centaurs
  2 crocodiles
  2 big kobolds
  7 bullfrogs
  A water moccasin zombie (Ossuary)
  5 scorpions
  3 wights (D:6)
  3 crimson imps (D:5)
  A centaur zombie (D:6)
  A jelly (D:6)
  A bullfrog zombie (D:7)
  6 orc priests
  4 hounds
  2 bullfrog skeletons
  Ijyb (D:5)
  6 orc wizards
  9 worker ants
  4 big kobold zombies (Ossuary)
  A hound zombie (D:6)
  A hound skeleton (D:5)
  2 mummies (Ossuary)
  15 gnolls
  A howler monkey skeleton (D:5)
  8 adders
  4 shadow imps
  5 oozes
  10 adder zombies
  3 worms
  A dart slug (D:3)
  6 leopard geckos
  35 orcs
  3 ball pythons
  6 giant cockroaches
  4 gnoll zombies (Ossuary)
  8 goblins
  5 hobgoblins
  5 jackals
  6 quokkas
  5 bats
  9 frilled lizards
  6 hobgoblin zombies (Ossuary)
  A jackal skeleton (D:9)
  13 kobolds
  8 orc zombies (Ossuary)
  A quokka skeleton (D:9)
  A quokka zombie (D:6)
  9 rats
294 creatures vanquished.

Vanquished Creatures (others)
  An orc wizard (D:6)
  An orc (D:8)
  A withered plant (Lair:1)
3 creatures vanquished.

Grand Total: 297 creatures vanquished

Notes
Turn   | Place    | Note
-------+----------+-------------------------------------------
     0 | D:1      | landosteak the Minotaur Fighter began the quest for the
                  | Orb.
     0 | D:1      | Reached XP level 1. HP: 19/19 MP: 0/0
   320 | D:1      | Reached XP level 2. HP: 26/27 MP: 1/1
   616 | D:1      | Reached XP level 3. HP: 25/33 MP: 2/2
   617 | D:1      | You fall through a shaft!
  1089 | D:2      | Reached XP level 4. HP: 33/40 MP: 3/3
  2238 | D:4      | Noticed an ogre
  2244 | D:4      | Killed an ogre
  2244 | D:4      | Reached skill level 1 in Maces & Flails
  2244 | D:4      | Reached XP level 5. HP: 21/47 MP: 4/4
  2366 | D:4      | Found a sand-covered staircase.
  2376 | Ossuary  | Entered an ossuary
  2534 | Ossuary  | Reached XP level 6. HP: 48/53 MP: 5/5
  2546 | Ossuary  | Reached skill level 5 in Armour
  2560 | Ossuary  | Reached skill level 2 in Maces & Flails
  2569 | Ossuary  | Reached skill level 5 in Shields
  2592 | Ossuary  | Reached skill level 1 in Dodging
  2658 | Ossuary  | Reached skill level 3 in Maces & Flails
  2970 | D:4      | Found a hide-covered altar of Uskayaw.
  3008 | D:4      | Reached skill level 5 in Fighting
  3070 | D:4      | Reached XP level 7. HP: 56/61 MP: 6/6
  3618 | D:5      | Entered Level 5 of the Dungeon
  3635 | D:5      | Reached skill level 4 in Maces & Flails
  3684 | D:5      | Noticed Ijyb
  3699 | D:5      | Killed Ijyb
  3803 | D:5      | Reached skill level 5 in Maces & Flails
  3846 | D:5      | Reached skill level 1 in Stealth
  3849 | D:5      | Reached XP level 8. HP: 24/69 MP: 7/7
  3852 | D:5      | Noticed Menkaure
  3862 | D:5      | Killed Menkaure
  4372 | D:5      | Reached skill level 6 in Maces & Flails
  4952 | D:6      | Found a staircase to the Ecumenical Temple.
  4964 | Temple   | Entered the Ecumenical Temple
  5048 | Temple   | Became a worshipper of Trog the Wrathful
  5506 | D:6      | Found Qedgh's Gadget Shoppe.
  5597 | D:6      | Reached skill level 7 in Maces & Flails
  5699 | D:6      | Reached XP level 9. HP: 75/75 MP: 8/8
  5716 | D:6      | Reached * piety under Trog
  6543 | D:8      | Reached skill level 8 in Maces & Flails
  6572 | D:8      | Reached ** piety under Trog
  6875 | D:8      | Noticed a two-headed ogre
  6886 | D:8      | Killed a two-headed ogre
  6886 | D:8      | Reached skill level 9 in Maces & Flails
  7047 | D:8      | Reached XP level 10. HP: 57/86 MP: 9/9
  7726 | D:9      | Found Huoleassi's Assorted Antiques.
  7732 | D:9      | Identified 3 scrolls of acquirement
  7734 | D:9      | Got an ichor-stained eveningstar
  7735 | D:9      | Identified the +9 eveningstar of Fragile Peace {elec, Int+4
                  | Dex+4} (You acquired it on level 9 of the Dungeon)
  7769 | D:9      | Reached skill level 10 in Maces & Flails
  7889 | D:9      | Bought a scroll of identify for 48 gold pieces
  7940 | D:9      | Found Goanaor's Jewellery Boutique.
  7988 | D:9      | Noticed a manticore
  7997 | D:9      | Killed a manticore
  8255 | D:9      | Found Umaa's Antique Armour Boutique.
  8342 | D:9      | Found a staircase to the Lair.
  8342 | D:9      | Noticed an elephant
  8348 | D:9      | Killed an elephant
  8420 | Lair:1   | Entered Level 1 of the Lair of Beasts
  8429 | Lair:1   | Noticed a spiny frog
  8436 | Lair:1   | Killed a spiny frog
  8436 | Lair:1   | Reached skill level 10 in Shields
  8495 | Lair:1   | Reached skill level 11 in Maces & Flails
  8499 | Lair:1   | Reached skill level 5 in Dodging
  8535 | Lair:1   | Reached *** piety under Trog
  8553 | Lair:1   | Reached skill level 1 in Evocations
  8553 | Lair:1   | Reached XP level 11. HP: 67/95 MP: 10/10
  8730 | Lair:1   | Found a runed translucent door.
  8731 | Lair:1   | Noticed Hypnoxylon's ghost (journeyman DDHu)
  9307 | Lair:2   | Reached skill level 12 in Maces & Flails
  9496 | Lair:2   | Noticed Urug
  9499 | Lair:2   | Noticed Sonja
  9506 | Lair:2   | Noticed a six-headed hydra
  9510 | Lair:2   | Slain by a blink frog

Skill      XL: |  1  2  3  4  5  6  7  8  9 10 11 |
---------------+----------------------------------+-----
Armour         | 4 5 6 7 8 9 |  9.5
Fighting       | 4 5 6 7 8 9 |  9.0
Shields        | 4 5 6 7 9 10 11 | 11.0
Long Blades    | 3 4 |  4.5
Maces & Flails | 1 3 5 7 9 11 12 | 12.2
Dodging        | 1 3 5 |  5.5
Stealth        | 1 |  1.6
Evocations     | 1 |  1.4

Action                   |  1- 3 |  4- 6 |  7- 9 | 10-12 || total
-------------------------+-------+-------+-------+-------++-------
Melee: Long sword        |    94 |    18 |       |       ||   112
       Headbutt          |    15 |    35 |   104 |    23 ||   177
       Flail             |       |   187 |   396 |    38 ||   621
       Eveningstar       |       |       |       |   134 ||   134
Invok: Berserk           |       |       |       |     2 ||     2
Evoke: Wand              |       |       |       |     8 ||     8
       Fan of gales      |       |       |       |     1 ||     1
  Use: Potion            |       |     1 |     5 |     4 ||    10
       Scroll            |       |     5 |     3 |     8 ||    16
  Eat: Ration            |       |     2 |     4 |     3 ||     9
       Chunk             |       |     1 |       |       ||     1
Armor: Scale mail        |    46 |   108 |   163 |    35 ||   352
Dodge: Dodged            |    26 |    76 |   178 |    81 ||   361
Block: Shield            |    51 |   118 |   258 |   141 ||   568
       Rpst.: Long sword |     6 |     2 |       |       ||     8
